 Dungeon Crawl Stone Soup version 0.17-a0-1805-g6093636 (webtiles) character file.

242 Gargoyl the Skirmisher (level 5, -4/42 HPs)
             Began as a Demonspawn Abyssal Knight on Sept 12, 2015.
             Was a Believer of Lugonu.
             Slain by an ogre
             ... wielding a cursed +0 giant club
              (12 damage)
             ... on level 4 of the Dungeon.
             The game lasted 00:07:18 (4248 turns).

Gargoyl the Skirmisher (Demonspawn Abyssal Knight)  Turns: 4248, Time: 00:07:18

Health: -4/42      AC:  5    Str: 14    XL:     5   Next: 82%
Magic:  7/7        EV: 11    Int: 13    God:    Lugonu [**....]
Gold:   134        SH:  0    Dex: 14    Spells: 0 memorised, 4 levels left

rFire  . . .     SeeInvis .     a - +1 hand axe
rCold  . . .     Clarity  .     c - +0 ring mail {rPois}
rNeg   . . .     SustAt   .     (no shield)
rPois  +         Gourm    .     (no helmet)
rElec  .         Spirit   .     (no cloak)
rCorr  .         Warding  .     (no gloves)
rMut   .         Stasis   .     (no boots)
MR     .....                    (no amulet)
Stlth  ++........               (no ring)
                                (no ring)

@: not resistant to hostile enchantments, unstealthy
A: thin skeletal structure 1, nightstalker 1
a: Depart the Abyss, Bend Space, Renounce Religion


You were on level 4 of the Dungeon.
You worshipped Lugonu.
Lugonu was pleased with you.
You were not hungry.

You visited 1 branch of the dungeon, and saw 4 of its levels.
You visited the Abyss 1 time.

You collected 134 gold pieces.

Inventory:

Hand weapons
 a - a +1 hand axe (weapon)
 n - a +0 flail
Armour
 c - a +0 ring mail of poison resistance (worn)
Scrolls
 b - a scroll of enchant armour
 d - 2 scrolls of magic mapping
 h - a scroll of fear {unknown}
 i - 4 scrolls of teleportation {unknown}
 j - a scroll of identify
 l - a scroll of remove curse
 o - a scroll of fog {unknown}
Potions
 e - a potion of heal wounds
 k - a potion of curing {unknown}
 m - a potion of haste {unknown}
Comestibles
 f - 2 meat rations
 g - a beef jerky


   Skills:
 + Level 4.0 Fighting
 + Level 3.0 Axes
 + Level 3.1 Armour
 + Level 2.6 Dodging
 + Level 0.4 Stealth
 + Level 3.1 Invocations


You had 4 spell levels left.
You didn't know any spells.

Dungeon Overview and Level Annotations

Branches:
Dungeon (4/15)
 Temple: D:4-7

Altars:
Dithmenos
Kikubaaqudgha
Nemelex Xobeh


Innate Abilities, Weirdness & Mutations

You have a somewhat thin skeletal structure (Dex +2, Stealth).
You are slightly more attuned to the shadows.


Message History

You hit the ogre but do no damage.
The ogre is moderately wounded.
The ogre hits you with a giant club.
You hit the ogre.
The ogre is heavily wounded.
The ogre closely misses you.
You slash the ogre!
The ogre is severely wounded.
You hit the ogre.
The ogre is almost dead.
The ogre hits you with a giant club!!
Ouch! That really hurt!
* * * LOW HITPOINT WARNING * * *
You hit the ogre but do no damage.
The ogre is almost dead.
The ogre completely misses you.
You hit the ogre but do no damage.
The ogre is almost dead.
The ogre hits you with a giant club!
You die...

..# ###..## ##..# #.##
####.....###...##
#..###...............##
##......#####.........##
...#.....####..........##..#
#..##.......#.....##........
##...##............##...$...
#.######.............?....#.
## ##......@O...#....#
##......#...##.....
##....###..# #.... ###...##
#...# #... #.....# .#
#..###.(# # #.# #..## ##..#
#..##


You could see an ogre.

Vanquished Creatures
  An orc priest (D:4)
  2 worker ants (D:4)
  A hound (D:4)
  5 adders
  5 worms (D:2)
  3 giant geckos
  5 orcs
  5 giant cockroaches
  4 goblins
  11 hobgoblins
  4 jackals (D:2)
  9 kobolds
  2 quokkas (D:2)
  2 ball pythons
  8 bats
  3 giant newts
  A jackal skeleton (D:4)
  8 rats
79 creatures vanquished.

Notes
Turn   | Place    | Note
--------------------------------------------------------------
     0 | Abyss:1  | Gargoyl the Demonspawn Abyssal Knight began the quest for the Orb.
     0 | Abyss:1  | Reached XP level 1. HP: 18/18 MP: 2/2
    21 | Abyss:1  | Found a corrupted altar of Lugonu.
    58 | Abyss:1  | Noticed a tentacled starspawn
   126 | Abyss:1  | Noticed a rust devil
   129 | D:1      | Escaped the Abyss
   354 | D:1      | Acquired Lugonu's first power
   358 | D:1      | Gained mutation: You have a somewhat thin skeletal structure (Dex +2, Stealth). [demonic ancestry]
   358 | D:1      | Reached XP level 2. HP: 16/24 MP: 3/3
   500 | D:1      | Reached skill level 1 in Dodging
   967 | D:2      | Reached XP level 3. HP: 22/29 MP: 5/5
  1558 | D:2      | Reached XP level 4. HP: 14/37 MP: 6/6
  2184 | D:2      | Acquired Lugonu's second power
  3115 | D:3      | Found a shadowy altar of Dithmenos.
  3115 | D:3      | Found a sparkling altar of Nemelex Xobeh.
  3116 | D:3      | Found an ancient bone altar of Kikubaaqudgha.
  3655 | D:4      | Gained mutation: You are slightly more attuned to the shadows. [demonic ancestry]
  3655 | D:4      | Reached XP level 5. HP: 42/42 MP: 7/7
  3779 | D:4      | Noticed an ogre
  4072 | D:4      | Reached skill level 4 in Fighting
  4248 | D:4      | Slain by an ogre

Vault maps used:
D:1:      lightli_arrival_windingriver, minmay_quantized
D:2:      grunt_ministairs_7
D:3:      gammafunk_temple_overflow_claw, glass_columns_b
D:4:      led_sif_pool
Abyss:1:  due_exit_kobolds

Action                   |  1- 3 |  4- 6 || total
-------------------------+-------+-------++-------
Melee: Hand axe          |   162 |   196 ||   358
Invok: Depart the Abyss  |     1 |       ||     1
  Use: Scroll            |     6 |     1 ||     7
       Potion            |     3 |       ||     3
  Eat: Bread ration      |     1 |     2 ||     3
